Selects Australian Defense Battlegroup
Selects Australian Light Infantry Section
Australian Light Infantry Section
Australian Light Infantry Section
Construct Section Command Post
Selects 2-pounder Anti-tank Gun Team
Construct Platoon Command Post
Construct Field Infirmary
Construct Field Infirmary
Selects CMP 15cwt Supply Run
Selects Artillery Trip Wire Flares
Unlock Bishop Self-propelled Artillery
Bishop Self-propelled Artillery
Selects Charged Creeping Barrage
2-pounder Anti-tank Gun Team
Construct Company Command Post
2-pounder Anti-tank Gun Team
Selects Vehicle Over Repair